 Dungeon Crawl Stone Soup version 0.27-a0-1200-g94dc6ad4cf (webtiles) character file.

Game seed: 10633696045387190406

22577 drugrobin the Spear-Bearer (level 12, -2/100 HPs)
             Began as a Demigod Warper on June 2, 2021.
             Slain by an ogre
             ... wielding a +0 giant spiked club
              (18 damage)
             ... on level 12 of the Dungeon.
             The game lasted 01:00:54 (24682 turns).

drugrobin the Spear-Bearer (Demigod Warper)        Turns: 24682, Time: 01:00:54

Health: -2/100     AC: 24    Str: 26    XL:     12   Next: 32%
Magic:  19/23      EV: 15    Int: 19    God:
Gold:   1226       SH:  5    Dex: 17    Spells: 11/21 levels left

rFire    . . .     SeeInvis .   a - +0 glaive (vorpal)
rCold    . . .     Faith    .   (shield currently unavailable)
rNeg     + . .     Spirit   .   U - +5 chain mail of the Cobbler {rN+ Str+6}
rPois    .         Reflect  +   T - +0 helmet
rElec    .         Harm     .   E - +0 cloak
rCorr    .         Rampage  .   n - +1 pair of gloves
Will     +....                  (no boots)
Stlth    ..........             t - amulet of reflection
HPRegen  0.26/turn              j - +4 ring of evasion
MPRegen  0.18/turn              M - +4 ring of protection

@: very slightly contaminated
A: high mp 1, forlorn
a: no special abilities


You were on level 12 of the Dungeon.
You visited 2 branches of the dungeon, and saw 13 of its levels.
You also visited: Sewer and Bailey.

You collected 1226 gold pieces.

Inventory:

Hand Weapons
 a - a +0 vorpal glaive (weapon)
 b - a +2 shortbow of flaming
 q - a +0 hand axe of flaming
 w - the +7 dagger of Gloom {holy, Fly rElec Int-5 Dex+7}
   (You found it on level 4 of the Dungeon)

   It has been blessed by the Shining One to cause great damage to the undead
   and demons.
   It affects your intelligence (-5).
   It affects your dexterity (+7).
   It insulates you from electricity.
   It grants you flight.
 D - a +1 dagger of venom
Missiles
 e - 10 boomerangs of dispersal (quivered)
 h - 163 arrows
 C - 5 curare-tipped darts
Armour
 l - a +0 crystal plate armour
 n - a +1 pair of gloves (worn)
 s - a +3 leather armour of poison resistance
 E - a +0 cloak (worn)
 T - a +0 helmet (worn)
 U - the +5 chain mail of the Cobbler (worn) {rN+ Str+6}
   (You found it in a bailey)

   It affects your strength (+6).
   It protects you from negative energy.
 V - a +4 ring mail of cold resistance
Magical Staves
 N - a staff of poison
Jewellery
 j - a +4 ring of evasion (left hand)
 t - an amulet of reflection (around neck)
 K - a +6 ring of dexterity
 M - a +4 ring of protection (right hand)
Wands
 B - a wand of iceblast (8)
 F - a wand of polymorph (7)
 I - a wand of acid (12)
 J - a wand of mindburst (12)
Scrolls
 g - a scroll of magic mapping
 k - a scroll of noise {unknown}
 o - 5 scrolls of teleportation
 u - 2 scrolls of identify
 x - a scroll of vulnerability {unknown}
 y - a scroll of holy word {unknown}
 z - a scroll of acquirement {unknown}
 H - 2 scrolls of enchant weapon {unknown}
 L - 2 scrolls of blinking
 P - a scroll of summoning {unknown}
 R - a scroll of torment {unknown}
 X - a scroll of fear {unknown}
 Z - 2 scrolls of amnesia {unknown}
Potions
 c - 4 potions of curing
 d - a potion of resistance {unknown}
 f - a potion of flight {unknown}
 i - 3 potions of berserk rage {unknown}
 m - 5 potions of heal wounds
 p - 3 potions of might
 r - 2 potions of mutation {unknown}
 G - 3 potions of ambrosia {unknown}
 O - 2 potions of degeneration {unknown}
 Q - a potion of invisibility
 S - a potion of magic
Miscellaneous
 A - a phial of floods


   Skills:
 + Level 7.6 Fighting
 + Level 12.5 Polearms
 - Level 0.8 Throwing
 + Level 7.1 Armour
 - Level 5.7 Dodging
 - Level 5.1 Spellcasting
 - Level 8.8 Translocations


You had 11 spell levels left.
You knew the following spells:

 Your Spells              Type           Power      Damage    Failure   Level
a - Teleport Other        Tloc           38%        N/A       5%          3
b - Blink                 Tloc           N/A        N/A       2%          2
c - Manifold Assault      Tloc           38%        N/A       45%         5

Your spell library contained the following spells:

 Spells                   Type           Power      Damage    Failure   Level
 Gell's Gravitas          Tloc           19%        N/A       5%          3
 Lesser Beckoning         Tloc           19%        N/A       5%          3


Dungeon Overview and Level Annotations

Branches:
Dungeon (12/15)            Temple (0/1) D:6            Lair (1/6) D:10
  Sewer (visited)          Bailey (visited)
    Orc: D:9-12

Shops:
D:1 [

Annotations:
D:4 lightspider's ghost, amateur DrCj


Innate Abilities, Weirdness & Mutations

Your attributes grow dramatically as you level up.
You have an increased reservoir of magic. (+10% MP)
You shall have no god before yourself.


Message History

Press: ? - help, Dir - move target, f - skeletal warrior
Aim: a skeletal warrior, wielding a +0 war axe (about 36% to evade your +0 vorpal glaive)
You reach to attack!
You closely miss the skeletal warrior.
The skeletal warrior hits you with a +0 war axe.
Unknown command.
Reach: a) +0 glaive (vorpal)
Press: ? - help, Dir - move target, f/p - skeletal warrior
Aim: a skeletal warrior, wielding a +0 war axe (about 37% to evade your +0 vorpal glaive)
You hit the skeletal warrior.
The skeletal warrior is lightly damaged.
The skeletal warrior hits you but does no damage.
The skeletal warrior hits you with a +0 war axe!
An orc comes into view.
It is wielding a +2 hand axe of electrocution.
The orc shouts!
The orc hits you but does no damage.
You are electrocuted!
Press: ? - help, v - describe, . - travel
Here: an orc, wielding a +2 hand axe of electrocution The floor.
You block the orc's attack. The orc barely misses you.
Things that are here:
a +0 giant club; an ogre skeleton You see here a +3 vampiric falchion.
Things that are here:
a +0 mace; an orc skeleton An ogre comes into view.
It is wielding a +0 giant spiked club.
The ogre shouts!
Casting: Blink (safe; 2% risk of failure)
Confirm with . or Enter, or press ? or * to list all spells.
You miscast Blink.
You are very lightly contaminated with residual magic.
Nothing appears to happen.
The skeletal warrior hits you with a +0 war axe.
The skeletal warrior hits you from afar with a +3 trident!
* * * LOW HITPOINT WARNING * * *
Casting: Blink (safe; 2% risk of failure)
Confirm with . or Enter, or press ? or * to list all spells.
You miscast Blink.
Nothing appears to happen.
The ogre hits you with a +0 giant spiked club!!
You die...

#o####).....................
#. ##..................... o.
#..##................. #.
##z##................. #. #.
#)##................. #g
#.##.##........#..<.....
#..#..#..........#......
####.##z#........###......
........z@O...............
#####.#........#####......
##......#..######......
#####....).....รท=......#...
###.....#.....######.########
#####...#.........######.#
#............###...##....#
..###.#..#..## #......####
(###....#..## #.....##


You could see 2 skeletal warriors and an ogre.

Vanquished Creatures
  A hydra (D:11)
  3 two-headed ogres
  6 skeletal warriors
  Pikel (D:5)
  An orc knight (Bailey)
  2 manticores
  An elephant (D:10)
  4 ugly things
  A gargoyle (D:10)
  2 komodo dragons
  3 trolls
  7 slime creatures
  A shadow (D:11)
  4 yaks
  A wraith (D:12)
  Grum (D:9)
  A basilisk (D:10)
  5 vampire mosquitoes (D:12)
  A steam dragon (D:6)
  A water moccasin (D:6)
  2 acid dragons (D:11)
  An ice beast (D:7)
  15 orc warriors
  2 sky beasts
  5 black bears
  2 necrophages
  3 wolves (D:9)
  6 ogres
  9 centaurs
  2 phantoms
  A lemure (D:5)
  4 kobold brigands
  Blork the orc (D:5)
  3 gnoll sergeants
  7 scorpions
  A wyvern zombie (D:9)
  4 bullfrogs
  9 killer bees (D:9)
  3 howler monkeys
  2 electric eels (D:7)
  A bullfrog zombie (D:7)
  6 centaur zombies
  3 hounds
  4 jellies
  A gnoll shaman (D:7)
  9 orc priests
  4 iguanas
  12 orc wizards
  2 howler monkey zombies (D:8)
  24 gnolls
  10 adders
  A river rat (D:3)
  A shadow imp (D:6)
  A white imp (D:5)
  An ufetubus (D:6)
  5 worms
  3 dart slugs
  43 orcs
  14 ball pythons
  8 endoplasms
  7 giant cockroaches
  14 goblins
  6 hobgoblins
  14 jackals
  20 kobolds
  4 quokkas
  4 bats
  8 frilled lizards
  4 rats
363 creatures vanquished.

Vanquished Creatures (others)
  An orc (D:8)
  A kobold (D:4)
  17 plants
19 creatures vanquished.

Grand Total: 382 creatures vanquished

Notes
Turn   | Place    | Note
-------+----------+-------------------------------------------
     0 | D:1      | drugrobin the Demigod Warper began the quest for the Orb.
     0 | D:1      | Reached XP level 1. HP: 17/17 MP: 5/5
    80 | D:1      | Reached skill level 2 in Polearms
   291 | D:1      | Reached XP level 2. HP: 12/24 MP: 7/7
   821 | D:1      | Reached skill level 3 in Polearms
   876 | D:1      | Found Hupob's Armour Emporium.
  1630 | D:2      | Noticed an ogre
  2063 | D:2      | Reached XP level 3. HP: 26/29 MP: 8/8
  2370 | D:2      | Learned a level 3 spell: Teleport Other
  2601 | D:1      | Learned a level 2 spell: Blink
  2845 | D:3      | Found a glowing drain.
  2912 | Sewer    | Entered a sewer
  3345 | Sewer    | Reached XP level 4. HP: 16/36 MP: 7/9
  3729 | Sewer    | Reached skill level 4 in Polearms
  4719 | D:3      | Reached XP level 5. HP: 20/42 MP: 10/10
  6725 | D:3      | Reached skill level 5 in Polearms
  6725 | D:3      | Reached XP level 6. HP: 25/51 MP: 12/12
  7039 | D:4      | Identified the +7 dagger of Gloom {holy, Fly rElec Int-5
                  | Dex+7}
  7647 | D:4      | Reached XP level 7. HP: 57/57 MP: 13/15
  7668 | D:4      | Found a runed translucent gate.
  7671 | D:4      | Noticed lightspider's ghost (amateur DrCj)
  7672 | D:4      | Found a runed translucent gate.
  7673 | D:4      | Found a runed translucent gate.
  8133 | D:4      | Reached skill level 6 in Polearms
  8470 | D:5      | Entered Level 5 of the Dungeon
  8851 | D:5      | Noticed Blork the orc
  8891 | D:5      | Killed Blork the orc
  8892 | D:5      | Reached skill level 7 in Polearms
  9050 | D:5      | Reached skill level 5 in Spellcasting
  9050 | D:5      | Reached XP level 8. HP: 52/63 MP: 17/19
  9645 | D:5      | Noticed Pikel
  9670 | D:5      | Killed Pikel
  9679 | D:5      | Reached skill level 8 in Polearms
 10068 | D:5      | Reached skill level 5 in Translocations
 10744 | D:6      | Reached XP level 9. HP: 36/69 MP: 18/20
 10969 | D:6      | Found a staircase to the Ecumenical Temple.
 11107 | D:6      | Reached skill level 9 in Polearms
 12611 | D:7      | Noticed a two-headed ogre
 12625 | D:7      | Killed a two-headed ogre
 12892 | D:7      | Reached XP level 10. HP: 26/77 MP: 21/21
 13501 | D:7      | Reached skill level 10 in Polearms
 14031 | D:8      | Learned a level 5 spell: Manifold Assault
 14659 | D:9      | Found a flagged portal.
 14706 | D:9      | Reached skill level 5 in Dodging
 14946 | Bailey   | Entered a bailey
 15946 | Bailey   | Noticed an orc knight
 15972 | Bailey   | Killed an orc knight
 16546 | Bailey   | Identified the +5 chain mail of the Cobbler {rN+ Str+6}
 16626 | D:9      | Reached skill level 1 in Armour
 16633 | D:9      | Noticed Grum
 16646 | D:9      | Killed Grum
 17723 | D:10     | Entered Level 10 of the Dungeon
 17815 | D:10     | Noticed an elephant
 17816 | D:10     | Found a staircase to the Lair.
 18136 | D:10     | Killed an elephant
 18398 | D:10     | Reached XP level 11. HP: 65/83 MP: 18/22
 18554 | Lair:1   | Entered Level 1 of the Lair of Beasts
 19175 | D:11     | Reached skill level 11 in Polearms
 19870 | D:11     | Noticed a two-headed ogre
 19886 | D:11     | Killed a two-headed ogre
 19887 | D:11     | Reached skill level 5 in Fighting
 21737 | D:11     | Reached skill level 5 in Armour
 21864 | D:12     | Noticed a six-headed hydra
 21864 | D:12     | Noticed a skeletal warrior
 21868 | D:12     | Noticed a skeletal warrior
 21868 | D:12     | Noticed a skeletal warrior
 22011 | D:12     | Noticed a skeletal warrior
 22052 | D:11     | Killed a one-headed hydra
 22241 | D:12     | Noticed a skeletal warrior
 22260 | D:11     | Killed a skeletal warrior
 22612 | D:11     | Killed a skeletal warrior
 22648 | D:11     | Killed a skeletal warrior
 22966 | D:11     | Killed a skeletal warrior
 23111 | D:12     | Reached skill level 12 in Polearms
 23622 | D:12     | Killed a skeletal warrior
 23696 | D:12     | Reached XP level 12. HP: 36/97 MP: 23/23
 24682 | D:12     | Slain by an ogre

Illustrated notes

Levels and vault maps discovered:
D:1:      evilmike_arrival_rings, layout_basic, serial_shops, shop,
          minmay_lizard_pond
D:2:      minmay_diamond_boxcup, layout_rooms,
          shapermc_ecumenical_altar_hornbeckon, serial_forest,
          infiniplex_forest_clump_double, infiniplex_forest_fountain,
          infiniplex_forest_lined_2, infiniplex_forest_fountain,
          infiniplex_forest_lined_room_, infiniplex_forest_clump_tiny,
          infiniplex_forest_clump_long, infiniplex_forest_lined_room_2,
          infiniplex_forest_clump_double, minmay_fractal_squares_gapless_5
D:3:      layout_loops_ring, portal_sewer_entry_a
D:4:      layout_rooms, nicolae_wu_jian_wuxing_cycle,
          gammafunk_ghost_nasty_kobolds, grunt_ministairs_2
D:5:      layout_cave_pools, uniq_blork_the_orc, uniq_pikel
D:6:      layout_cave_pools, minmay_temple_entry_hall, grunt_ministairs_8,
          minmay_crossroads
D:7:      cheibrodos_helix_gallery, layout_basic, minmay_quadrilaterals
D:8:      layout_cave_pools
D:9:      layout_loops_ring, enter_bailey_4, uniq_grum
D:10:     layout_basic, david_lair_generic, kennysheep_another_room,
          minmay_misc_feat_secret_circle
D:11:     layout_loops_ring, minmay_circle_x
D:12:     gargoyle_guard, layout_rooms, kennysheep_orc_monster_closet_entryway,
          minmay_fractal_squares_diagonal_5
Lair:1:   layout_cave_pods, uniq_nergalle, uniq_joseph

Skill      XL: |  1  2  3  4  5  6  7  8  9 10 11 12 |
---------------+-------------------------------------+-----
Polearms       | 2 3 4 5 7 8 9 10 12 | 12.5
Translocations | 3 5 7 8 |  8.8
Fighting       | 2 3 6 7 |  7.6
Spellcasting   | 2 3 5 |  5.1
Dodging        | 3 5 |  5.7
Armour         | 2 6 7 |  7.1
Throwing       | |  0.8

Action                   |  1- 3 |  4- 6 |  7- 9 | 10-12 || total
-------------------------+-------+-------+-------+-------++-------
Melee: Spear             |   242 |   325 |       |       ||   567
       Whip              |       |    24 |       |       ||    24
       Hand axe          |       |     1 |       |    14 ||    15
       Halberd           |       |    46 |   266 |    20 ||   332
       Dagger            |       |    20 |    33 |    66 ||   119
       Glaive            |       |       |   124 |   665 ||   789
 Fire: Shortbow          |       |       |       |    18 ||    18
Throw: Stone             |     2 |    45 |    37 |     1 ||    85
       Javelin           |       |       |     3 |       ||     3
       Dart              |       |       |     5 |    13 ||    18
       Boomerang         |       |       |       |    10 ||    10
       Throwing net      |       |       |       |     1 ||     1
 Cast: Blink             |     2 |     3 |     5 |    21 ||    31
       Teleport Other    |       |     1 |       |     3 ||     4
       Manifold Assault  |       |       |       |     3 ||     3
Evoke: Wand              |       |       |     3 |    16 ||    19
       Phial of floods   |       |       |       |     1 ||     1
  Use: Scroll            |     4 |     2 |     1 |     8 ||    15
       Potion            |       |       |     2 |     3 ||     5
 Stab: Sleeping          |     1 |       |       |       ||     1
Armor: Leather armour    |    62 |    88 |   134 |    88 ||   372
       Chain mail        |       |       |       |   252 ||   252
Dodge: Dodged            |   119 |   237 |   320 |   596 ||  1272
Block: Other             |       |    30 |   112 |   171 ||   313
       Reflection        |       |       |     2 |     8 ||    10

Table legend: (Time is in decaauts)
 A = Elapsed time spent in this place.
 B = Non-inter-level travel time spent in this place.
 C = Inter-level travel time spent in this place.
 D = Time resting spent in this place.
 E = Time spent auto-exploring this place.
 F = Levels seen in this place.
 G = Mean time per level.
                   A        B        C        D        E       F      G
               +--------+--------+--------+--------+--------+-----+--------+
         Total |  24990 |  23870 |   1120 |  10265 |   8620 |  15 | 1666.0 |
       Dungeon |  21754 |  20634 |   1120 |   8467 |   7756 |  12 | 1812.8 |
          Lair |      1 |      1 |      0 |      0 |      0 |   1 |    1.0 |
         Sewer |   1555 |   1555 |      0 |    624 |    642 |   1 | 1555.0 |
        Bailey |   1678 |   1678 |      0 |   1174 |    221 |   1 | 1678.0 |
               +--------+--------+--------+--------+--------+-----+--------+

Top non-repeatable levels by time:
    D:11: 3703 daAuts
     D:3: 2231 daAuts
     D:1: 2119 daAuts
     D:7: 2076 daAuts
    D:10: 1932 daAuts
     D:9: 1742 daAuts
  Bailey: 1678 daAuts
     D:5: 1588 daAuts
     D:6: 1561 daAuts
   Sewer: 1555 daAuts
     D:2: 1555 daAuts
     D:4: 1449 daAuts
    D:12: 1132 daAuts
     D:8: 661 daAuts
  Lair:1: 1 daAuts
